 Dungeon Sprint DCSS version 0.21-a0-426-g98080a9 (webtiles) character file.

21 Kidiri the Ruffian (level 2, -4/25 HPs)
             Began as a Draconian Transmuter on Nov 6, 2017.
             Was an Initiate of Sif Muna.
             Killed from afar by a white imp (9 damage)
             ... with a puff of frost
             ... in the Dungeon (Sprint VII: "The Pits").
             The game lasted 00:01:17 (457 turns).

Kidiri the Ruffian (Draconian Transmuter)            Turns: 457, Time: 00:01:18

Health: -4/25      AC:  4    Str: 12    XL:     2   Next: 65%
Magic:  2/5        EV: 12    Int: 13    God:    Sif Muna [......]
Gold:   0          SH:  0    Dex: 11    Spells: 2/5 levels left

rFire    . . .     SeeInvis .     - Unarmed
rCold    . . .     Gourm    .   (no shield)
rNeg     . . .     Faith    .   (armour unavailable)
rPois    .         Spirit   .   (helmet restricted)
rElec    .         Reflect  .   (no cloak)
rCorr    .         Harm     .   (no gloves)
MR       .....     NoTele   +   (boots currently unavailable)
Stlth    ++........             (no amulet)
HPRegen  0.08/turn              (no ring)
MPRegen  0.09/turn              (no ring)

@: lethally poisoned (-4 -> -11), appendage (expiring)
A: unfitting armour, talons 3, cold-blooded, AC +4
a: End Transformation, Renounce Religion


You were in the Dungeon.
You worshipped Sif Muna.
Sif Muna was noncommittal.
You were not hungry.
You had grown temporary talons.
You visited 1 branch

Inventory:

Missiles
 a - 11 arrows
Scrolls
 i - a scroll of blinking
 k - 3 scrolls of remove curse
 l - 5 scrolls of amnesia
 m - a scroll of summoning
Potions
 d - a potion of curing
 e - a potion of heal wounds
 f - a potion of haste
 g - 4 potions of magic
 h - 3 potions of berserk rage
 j - 2 potions of invisibility
Books
 b - a book of Changes

   Spells                             Type                      Level
   a - Beastly Appendage              Transmutation                1
   b - Sticks to Snakes               Transmutation                2
   c - Spider Form                    Transmutation/Poison         3
   d - Ice Form                       Ice/Transmutation            4
   e - Blade Hands                    Transmutation                5
Comestibles
 c - 8 bread rations
 n - 40 fruits
 o - 7 meat rations
 p - 2 chunks of flesh


   Skills:
 * Level 2.7 Fighting
 * Level 2.7 Dodging
 + Level 1.3 Stealth
 * Level 3.8 Unarmed Combat
 + Level 2.4 Spellcasting
 * Level 3.1 Transmutations


You had 2 spell levels left.
You knew the following spells:

 Your Spells              Type           Power        Failure   Level  Hunger
a - Beastly Appendage     Tmut           #.....       7%          1    #......
b - Sticks to Snakes      Tmut           #.......     11%         2    ###....


Dungeon Overview and Level Annotations

Branches:
Dungeon (1/1)

Altars:
Ashenzari
Cheibriados
Dithmenos
Elyvilon
Fedhas
Gozag
Hepliaklqana
Kikubaaqudgha
Makhleb
Nemelex Xobeh
Okawaru
Qazlal
Ru
Sif Muna
Trog
Uskayaw
Vehumet
Wu Jian
Xom
Yredelemnul
Zin
The Shining One
Beogh
Jiyva
Lugonu

Annotations:
D exclusions: 6 doors and 6 more exclusions


Innate Abilities, Weirdness & Mutations

Your plain brown scales are hard. (AC +4)
You cannot fit into any form of body armour.
You are cold-blooded and may be slowed by cold attacks.
You have claws for feet.


Message History

You closely miss the white imp.
You tail-slap the white imp, but do no damage.
The white imp hits you but does no damage.
You hit the white imp but do no damage. You tail-slap the white imp.
The white imp is moderately wounded.
The white imp hits you. The white imp freezes you.
You feel yourself slow down.
You closely miss the white imp.
The white imp is moderately wounded.
The white imp closely misses you.
Casting: Beastly Appendage
Confirm with . or Enter, or press ? or * to list all spells.
You create a snake!
You now have 11 arrows.
You feel yourself speed up. The worker ant bites you!
* * * LOW HITPOINT WARNING * * *
You are lethally poisoned!
The worker ant poisons you! The white imp gestures at you.
The puff of frost hits you!
You die...

#_________.#
#_______...###########++###
##########+##..............
#.?(.+)))+.##......#..#....
##########.##..............
#...........'..............
#+#####'#####......#..#....
#....S##..............
#####@#####+#####++###
#...a5##.......#
#.....##.......#
###'####.......#
#....K##...<...#
.a......##.......#
#........##.......#
###########.......#
#########


You could see a worker ant, a white imp and a friendly ball python.

Vanquished Creatures
  An adder (D)
  An ufetubus (D)
  An ooze (D)
  A frilled lizard (D)
  A leopard gecko zombie (D)
  A rat (D)
6 creatures vanquished.

Notes
Turn   | Place    | Note
-------+----------+-------------------------------------------
     0 | D        | Kidiri the Draconian Transmuter began the quest for the Orb.
     0 | D        | Reached XP level 1. HP: 16/16 MP: 3/3
    69 | D        | Found a bloodstained altar of Trog.
    69 | D        | Found a deep blue altar of Sif Muna.
    69 | D        | Found a viscous altar of Jiyva.
    69 | D        | Found a hazy altar of Hepliaklqana.
    69 | D        | Found an opulent altar of Gozag.
    70 | D        | Found a glowing golden altar of the Shining One.
    70 | D        | Found a glowing silver altar of Zin.
    70 | D        | Found a basalt altar of Yredelemnul.
    70 | D        | Found a shimmering altar of Xom.
    70 | D        | Found an ornate altar of the Wu Jian Council.
    70 | D        | Found a sacrificial altar of Ru.
    70 | D        | Found a stormy altar of Qazlal.
    70 | D        | Found an iron altar of Okawaru.
    70 | D        | Found a sparkling altar of Nemelex Xobeh.
    70 | D        | Found a burning altar of Makhleb.
    70 | D        | Found a blossoming altar of Fedhas.
    70 | D        | Found a white marble altar of Elyvilon.
    70 | D        | Found a shadowy altar of Dithmenos.
    70 | D        | Found a snail-covered altar of Cheibriados.
    73 | D        | Found a corrupted altar of Lugonu.
    73 | D        | Found a radiant altar of Vehumet.
    73 | D        | Found a roughly hewn altar of Beogh.
    74 | D        | Found an ancient bone altar of Kikubaaqudgha.
    74 | D        | Found a hide-covered altar of Uskayaw.
    74 | D        | Found a shattered altar of Ashenzari.
    81 | D        | Became a worshipper of Sif Muna the Loreminder
   245 | D        | Reached skill level 1 in Stealth
   245 | D        | Reached XP level 2. HP: 18/25 MP: 1/5
   258 | D        | Learned a level 2 spell: Sticks to Snakes
   457 | D        | Killed from afar by a white imp

Vault maps used:
D:        pitsprint

Skill      XL: |  1  2 |
---------------+-------+-----
Dodging        | 2 |  2.7
Fighting       | 2 |  2.7
Stealth        | 1 |  1.3
Transmutations | 3 |  3.1
Unarmed Combat | |  3.8
Spellcasting   | |  2.4

Action                   || total
-------------------------++-------
Melee: Unarmed           ||    27
       Tailslap          ||     4
       Kick              ||     2
 Cast: Beastly Appendage ||     5
       Sticks to Snakes  ||     1
 Stab: Sleeping          ||     1
Armor: Skin              ||    12
Dodge: Dodged            ||    23

Table legend:
 A = Spawn XP
 B = Non-spawn XP
 C = Spawn XP percentage of total XP
 D = Spawn monster count
 E = Non-spawn monster count
 F = Spawn count percentage of total count
 G = Total turns spent on level
                    A         B        C        D         E        F      G
               +---------+---------+-------+---------+---------+-------+---------
         Total |       0 |      31 |   0.0 |       0 |       6 |   0.0 |   457
               +---------+---------+-------+---------+---------+-------+---------
             D |       0 |      31 |   0.0 |       0 |       6 |   0.0 |   457
               +---------+---------+-------+---------+---------+-------+---------
